 Dungeon Crawl Stone Soup version 0.31-a0-210-gccc998df9b (webtiles) character file.

Game seed: 4442221497666513462

14 qw the Shooter (level 2, 0/24 HPs)
             Began as a Minotaur Hexslinger on June 30, 2023.
             Slain by Terence
             ... wielding a +0 trident
              (7 damage)
             ... on level 2 of the Dungeon.
             The game lasted 00:00:13 (538 turns).

qw the Shooter (Minotaur Hexslinger)                 Turns: 538, Time: 00:00:13

Health: 0/24       AC:  2    Str: 12    XL:     2   Next: 27%
Magic:  2/2        EV: 12    Int: 10    God:
Gold:   14         SH:  0    Dex: 12    Spells: 2/3 levels left

rFire   . . .        Y - +1 sling
rCold   . . .        (no shield)
rNeg    . . .        c - +0 robe
rPois   +            (helmet restricted)
rElec   .            (no cloak)
rCorr   .            (no gloves)
SInv    .            (no boots)
Will    .....        (no amulet)
Stlth   +            g - ring of poison resistance
HPRegen 0.24/turn    (no ring)
MPRegen 0.08/turn

%: no passive effects
@: no status effects
A: horns 2, retaliatory headbutt
a: no special abilities


You were on level 2 of the Dungeon.
You visited 1 branch of the dungeon, and saw 2 of its levels.

You collected 14 gold pieces.


Innate Abilities, Weirdness & Mutations

You have a pair of horns on your head.
You reflexively headbutt those who attack you in melee.


   Skills:
 + Level 1.9 Fighting
 - Level 3.0 Ranged Weapons
 - Level 2.1 Dodging
 - Level 1.0 Spellcasting
 - Level 2.0 Hexes


You had 2 spell levels left.
You knew the following spells:

 Your Spells              Type           Power      Damage    Failure   Level
a - Slow                  Hex            16%        N/A       16%         1

Your spell library contained the following spells:

 Spells                   Type           Power      Damage    Failure   Level
 Inner Flame              Hex/Fire       2%         N/A       56%         3
 Portal Projectile        Hex/Tloc       4%         N/A       56%         3
 Cause Fear               Hex            2%         N/A       83%         4

Inventory:

Hand Weapons
 Y - a +1 sling (weapon)
Armour
 c - a +0 robe (worn)
Jewellery
 g - a ring of poison resistance (left hand)
Potions
 d - a potion of attraction {unknown}
 h - a potion of heal wounds {unknown}
 k - a potion of brilliance {unknown}

Dungeon Overview and Level Annotations

Branches:
Dungeon (2/15)

Altars:

Annotations:
D:2 Terence


Message History

Terence barely misses you. x2
You shoot a sling bullet. The sling bullet hits Terence.
Terence is heavily wounded.
Terence barely misses you.
You shoot a sling bullet.
The sling bullet hits Terence but does no damage.
Terence is heavily wounded.
Terence hits you from afar with a +0 trident.
531 ||| DROPPING amulet of magic regeneration.
You drop an amulet of magic regeneration.
Terence hits you from afar with a +0 trident.
532 ||| UPGRADING to ring of poison resistance.
g - a ring of poison resistance (left hand)
533 ||| READING 3 scrolls labelled LULIXU DUAR.
As you read the scroll labelled LULIXU DUAR, it crumbles to dust.
You hear the flapping of tiny wings.
Terence is knocked back by the sudden gust.
It was a scroll of butterflies.
534 ||| READING scroll labelled PAUKUTOIWU.
As you read the scroll labelled PAUKUTOIWU, it crumbles to dust.
You hear a loud clanging noise!
It was a scroll of noise.
You hear a shout!
Terence barely misses your butterfly.
535 ||| READING scroll labelled KASUNW JASHI.
Blink to where?
Press: ? - help, Dir - move target, f - you, p - Terence Are you sure you want to cancel this blink?
As you read the scroll labelled KASUNW JASHI, it crumbles to dust.
It was a scroll of blinking.
Terence hits your butterfly with a +0 trident.
Your butterfly dies!
Your butterfly disappears in a burst of colours!
536 ||| DROPPING 2 scrolls of butterflies.
You drop 2 scrolls of butterflies.
Terence barely misses your butterfly.
537 ||| DROPPING scroll of poison.
You drop a scroll of poison.
538 ||| Stepping randomly (stuck).
Terence hits you from afar with a +0 trident!
You die... ######.bb.~~~~~ ..........b~b~~ .....b..b~~~~~~ .......bPbbbb~~ ..b.bbb.~~~~~ .b@bb.P~~~~ #bbbbbb~~~

#?@.b.b.7
##b#bb.P...
#..#..b..P.
#.##....b..
###.#
#..><..
#...#
###..#
#.### .##
#.# # #.#


You could see Terence (ally target).

Vanquished Creatures
  A dart slug (D:1)
  2 giant cockroaches (D:1)
  2 goblins (D:1)
  A kobold (D:1)
  A quokka (D:1)
  A bat (D:1)
  2 frilled lizards
  A rat (D:2)
11 creatures vanquished.

Notes
Turn   | Place    | Note
-------+----------+-------------------------------------------
     0 | D:1      | qw the Minotaur Hexslinger began the quest for the Orb.
     0 | D:1      | Reached XP level 1. HP: 16/16 MP: 1/1
     0 | D:1      | 0 ||| qw: Version: 0.3-a-24-ga2abf7b
     0 | D:1      | 0 ||| qw: Game counter: 7118
     0 | D:1      | 0 ||| qw: Melee chars always use a shield: true
     0 | D:1      | 0 ||| qw: God list: Okawaru
     0 | D:1      | 0 ||| qw: Allow faded altars: false
     0 | D:1      | 0 ||| qw: Do Orc after clearing Dungeon:15 true
     0 | D:1      | 0 ||| qw: Do second Lair branch before Depths: true
     0 | D:1      | 0 ||| qw: Lair rune preference: random
     0 | D:1      | 0 ||| qw: Goals: Normal
     0 | D:1      | 0 ||| PLANNING D:1-11
    51 | D:1      | 51 ||| FLEEEEING.
   211 | D:1      | Reached skill level 3 in Ranged Weapons
   275 | D:1      | Reached XP level 2. HP: 17/23 MP: 2/2
   477 | D:1      | You fall into a shaft and drop 1 floor!
   518 | D:2      | Noticed Terence
   531 | D:2      | 531 ||| DROPPING amulet of magic regeneration.
   531 | D:2      | HP: 5/24 [Terence/+0 trident (6)]
   532 | D:2      | 532 ||| UPGRADING to ring of poison resistance.
   533 | D:2      | 533 ||| READING 3 scrolls labelled LULIXU DUAR.
   534 | D:2      | 534 ||| READING scroll labelled PAUKUTOIWU.
   535 | D:2      | 535 ||| READING scroll labelled KASUNW JASHI.
   536 | D:2      | 536 ||| DROPPING 2 scrolls of butterflies.
   537 | D:2      | 537 ||| DROPPING scroll of poison.
   538 | D:2      | 538 ||| Stepping randomly (stuck).
   538 | D:2      | Slain by Terence

Levels and vault maps discovered:
D:1:      dpeg_arrival_prison, layout_basic, chequers_avenue,
          minmay_misc_feat_rugged, skrybe_limestone_x
D:2:      layout_rooms, guppyfry_early_lair_pool, uniq_natasha, uniq_terence

Skill      XL: |  1 |
---------------+----+-----
Ranged Weapons | 3 |  3.0
Fighting       | |  1.9
Dodging        | |  2.1
Spellcasting   | |  1.0
Hexes          | |  2.0

Action                     || total
---------------------------++-------
   Fire: Sling             ||    40
    Use: Scroll            ||     3
 Armour: Robe              ||     3
  Dodge: Dodged            ||    10

Table legend:
 A = Non-vault XP
 B = Vault XP
 C = Vault XP percentage of total XP
 D = Non-vault monster count
 E = Vault monster count
 F = Vault count percentage of total count
                 A         B        C        D         E       F
            +---------+---------+-------+---------+---------+-------
      Total |      16 |       4 |  20.0 |       9 |       2 |  18.2
            +---------+---------+-------+---------+---------+-------
        D:1 |      14 |       4 |  22.2 |       7 |       2 |  22.2
        D:2 |       2 |       0 |   0.0 |       2 |       0 |   0.0
            +---------+---------+-------+---------+---------+-------
